 Dungeon Crawl Stone Soup version 0.23.2-1-ga50397a (webtiles) character file.

Game seed: 12430654025274571695

2473 schauveau the Basher (level 9, -2/57 HPs)
             Began as a Gargoyle Gladiator on Apr 27, 2019.
             Was a Priest of Okawaru.
             Slain by an acid dragon (7 damage)
             ... on level 8 of the Dungeon.
             The game lasted 00:13:48 (7526 turns).

schauveau the Basher (Gargoyle Gladiator)           Turns: 7526, Time: 00:13:49

Health: -2/57      AC: 27    Str: 25    XL:     9   Next: 51%
Magic:  9/9        EV:  9    Int: 10    God:    Okawaru [***...]
Gold:   339        SH:  0    Dex: 11    Spells: 8/8 levels left

rFire    . . .     SeeInvis +   a - +1 flail (protect)
rCold    . . .     Gourm    .   (no shield)
rNeg     + . .     Faith    .   j - +0 chain mail
rPois    ∞         Spirit   .   c - +0 helmet
rElec    +         Reflect  .   y - +0 cloak
rCorr    .         Harm     .   (no gloves)
MR       +....                  J - +0 pair of boots
Stlth    ..........             (no amulet)
HPRegen  0.19/turn              g - ring of protection from magic
MPRegen  0.11/turn              v - ring of see invisible

@: mighty, protection aura, berserk cooldown
A: negative energy resistance 1, electricity resistance, unbreathing,
petrification resistance, rot immunity, AC +6
a: Heroism, Renounce Religion


You were on level 8 of the Dungeon.
You worshipped Okawaru.
Okawaru was most pleased with you.
You were not hungry.

You visited 2 branches of the dungeon, and saw 9 of its levels.

You collected 339 gold pieces.

Inventory:

Hand Weapons
 a - a +1 flail of protection (weapon)
 r - a +0 hunting sling
 D - a +0 shortbow
 F - a +1 mace of holy wrath
 I - a +0 flail
Missiles
 b - 16 tomahawks
 d - 2 throwing nets (quivered)
 n - 161 stones
 x - 29 poisoned needles
 E - 83 arrows
Armour
 c - a +0 helmet (worn)
 e - a scarf of cloud immunity
 i - a +0 leather armour of cold resistance
 j - a +0 chain mail (worn)
 y - a +0 cloak (worn)
 J - a +0 pair of boots (worn)
Jewellery
 g - a ring of protection from magic (left hand)
 p - an uncursed ring of resist corrosion
 s - an uncursed ring of fire
 v - a ring of see invisible (right hand)
Wands
 z - a wand of polymorph (1)
Scrolls
 l - 3 scrolls of teleportation
 m - 2 scrolls of amnesia
 A - 4 scrolls of remove curse
 C - a scroll of magic mapping {unknown}
 H - a scroll of immolation {unknown}
Potions
 h - 3 potions of mutation
 k - a potion of agility
 q - a potion of brilliance
 w - 2 potions of haste
 G - a potion of flight
Comestibles
 f - 5 rations


   Skills:
 + Level 7.1 Fighting
 * Level 9.4 Maces & Flails
 - Level 1.7 Throwing
 + Level 6.7 Armour
 - Level 2.4 Dodging


You had 8 spell levels left.
You didn't know any spells.
Your spell library was empty.

Dungeon Overview and Level Annotations

Branches:
Dungeon (8/15)             Temple (1/1) D:4
   Lair: D:8-11

Altars:
Dithmenos
Elyvilon
Hepliaklqana
Kikubaaqudgha
Makhleb
Nemelex Xobeh
Okawaru
Trog
Uskayaw
Wu Jian
Xom
The Shining One


Innate Abilities, Weirdness & Mutations

You are resistant to torment.
Your stone body is resilient. (AC +6)
You are immune to poison.
You resist negative energy. (rN+)
You are resistant to electric shocks. (rElec)
You can survive without breathing.
You are immune to petrification.
You are immune to rotting.


Message History

The acid dragon closely misses you.
You hit the acid dragon.
The acid dragon is almost dead.
The crimson imp hits you but does no damage.
The acid dragon closely misses you.
The acid dragon claws you but does no damage.
Your chain mail prevents you from hitting the acid dragon.
The acid dragon is almost dead.
The bullfrog swells and bulges.
The crimson imp hits you but does no damage.
You barely miss the acid dragon.
The acid dragon is almost dead.
The acid dragon closely misses you.
The acid dragon claws you but does no damage.
A wolf comes into view.
The crimson imp hits you but does no damage.
You barely miss the acid dragon.
The acid dragon is almost dead.
The acid dragon bites you!
You die...

###
..#
#h#
#.#
#.#
#.#
#5#
#@#
#D#
#F#
#.#
#..
###


You could see an acid dragon, a wolf, a bullfrog and a crimson imp.

Vanquished Creatures
  Harold (D:7)
  Grinder (D:4)
  A sky beast (D:6)
  An ice beast (D:4)
  3 ogres
  2 centaurs
  2 bullfrogs (D:7)
  A scorpion (D:4)
  A howler monkey (D:7)
  A crimson imp (D:6)
  3 orc priests
  A hound (D:2)
  Crazy Yiuf (D:6)
  A centaur skeleton (D:6)
  2 iguanas (D:6)
  Ijyb (D:4)
  4 orc wizards
  6 worker ants
  5 adders
  4 shadow imps
  2 oozes
  An adder skeleton (D:4)
  5 worms
  A dart slug (D:1)
  5 leopard geckos
  15 orcs
  A ball python (D:2)
  7 giant cockroaches
  9 goblins
  7 hobgoblins
  7 jackals
  2 kobolds
  2 quokkas
  7 bats
  4 frilled lizards
  A quokka skeleton (D:5)
  11 rats
129 creatures vanquished.

Notes
Turn   | Place    | Note
-------+----------+-------------------------------------------
     0 | D:1      | schauveau the Gargoyle Gladiator began the quest for the
                  | Orb.
     0 | D:1      | Reached XP level 1. HP: 12/12 MP: 1/1
   457 | D:2      | Reached XP level 2. HP: 18/18 MP: 2/2
   477 | D:2      | Reached skill level 1 in Armour
   477 | D:2      | Reached XP level 3. HP: 9/22 MP: 3/3
   845 | D:3      | Found a faded altar of an unknown god.
   932 | D:3      | Found a white marble altar of Elyvilon.
  1031 | D:4      | Reached skill level 4 in Maces & Flails
  1031 | D:4      | Reached XP level 4. HP: 15/28 MP: 4/4
  1608 | D:4      | Found a staircase to the Ecumenical Temple.
  1620 | Temple   | Entered the Ecumenical Temple
  1635 | Temple   | Became a worshipper of Warmaster Okawaru
  1777 | D:1      | Reached XP level 5. HP: 32/32 MP: 5/5
  2844 | D:2      | Noticed a moth of wrath
  2847 | D:2      | Found a bloodstained altar of Trog.
  3882 | D:4      | Noticed Ijyb
  3909 | D:4      | Killed Ijyb
  3909 | D:4      | Reached skill level 5 in Maces & Flails
  3909 | D:4      | Reached XP level 6. HP: 35/38 MP: 6/6
  3930 | D:4      | Found a sparkling altar of Nemelex Xobeh.
  3934 | D:4      | Found a shimmering altar of Xom.
  3967 | D:4      | Noticed Grinder
  3982 | D:4      | Killed Grinder
  3982 | D:4      | Reached XP level 7. HP: 35/44 MP: 7/7
  4040 | D:4      | Reached * piety under Okawaru
  4040 | D:4      | Reached skill level 6 in Maces & Flails
  4182 | D:4      | Found an ancient bone altar of Kikubaaqudgha.
  4499 | D:4      | Got an encrusted ring mail
  4705 | D:5      | Entered Level 5 of the Dungeon
  5245 | D:5      | Found a shadowy altar of Dithmenos.
  5290 | D:5      | Reached skill level 5 in Fighting
  5570 | D:4      | Reached XP level 8. HP: 40/49 MP: 8/8
  5655 | D:3      | Reached skill level 7 in Maces & Flails
  5832 | D:3      | Found a hazy altar of Hepliaklqana.
  5888 | D:3      | Found a burning altar of Makhleb.
  5888 | D:3      | Noticed a balrug
  6435 | D:6      | Reached skill level 5 in Armour
  6484 | D:6      | Reached ** piety under Okawaru
  6493 | D:6      | Found a sparkling altar of Nemelex Xobeh.
  6654 | D:6      | Found a runed translucent door.
  6780 | D:6      | Noticed Crazy Yiuf
  6791 | D:6      | Killed Crazy Yiuf
  6947 | D:6      | Reached skill level 8 in Maces & Flails
  7295 | D:7      | Identified the cursed +1 ring mail of Disappointment {+Inv
                  | +Fly Slay+2} (You found it on level 4 of the Dungeon)
  7436 | D:7      | Noticed Harold
  7478 | D:7      | Killed Harold
  7478 | D:7      | Reached *** piety under Okawaru
  7478 | D:7      | Reached skill level 9 in Maces & Flails
  7478 | D:7      | Reached XP level 9. HP: 30/57 MP: 9/9
  7526 | D:8      | Slain by an acid dragon

Skill      XL: |  1  2  3  4  5  6  7  8 |
---------------+-------------------------+-----
Armour         | 1 2 3 4 6 |  6.7
Fighting       | 3 4 5 7 |  7.1
Maces & Flails | 4 5 6 9 |  9.4
Throwing       | |  1.7
Dodging        | |  2.4

Action                   |  1- 3 |  4- 6 |  7- 9 || total
-------------------------+-------+-------+-------++-------
Melee: Flail             |    44 |   275 |   280 ||   599
Throw: Throwing net      |       |       |     1 ||     1
  Use: Potion            |       |     3 |     6 ||     9
       Scroll            |       |       |    10 ||    10
 Stab: Sleeping          |     2 |       |       ||     2
       Held in net/web   |       |       |     1 ||     1
       Invisible         |       |       |     1 ||     1
  Eat: Chunk             |       |     5 |     6 ||    11
       Ration            |       |     2 |     1 ||     3
Armor: Leather armour    |    17 |    10 |       ||    27
       Chain mail        |       |   183 |   266 ||   449
Dodge: Dodged            |    31 |   125 |   173 ||   329
